 Dungeon Crawl Stone Soup version 0.32-a0-391-gce5c0aa (webtiles) character file.

Game seed: 13452671793437023484

420282 eternalray the Impregnable (level 22, -9/202 HPs)
             Began as a Minotaur Fighter on Feb 19, 2024.
             Was a High Priest of Okawaru.
             Killed by divine providence
             ... invoked by a sphinx
              (13 damage)
             ... on level 5 of the Vaults.
             The game lasted 03:24:32 (37259 turns).

eternalray the Impregnable (Minotaur Fighter)      Turns: 37259, Time: 03:24:33

Health: -9/202     AC: 46    Str: 28    XL:     22   Next: 64%
Magic:  26/32      EV: 15    Int:  5    God:    Okawaru [*****.]
Gold:   2844       SH: 26    Dex: 19    Spells: 21/21 levels left

rFire   + + .        R - +9 broad axe (heavy)
rCold   + . .        Y - +0 tower shield {rN+}
rNeg    + + .        a - +1 crystal plate armour
rPois   .            V - +2 hat of the Boiling Point {Str+2}
rElec   .            q - +2 cloak {rF+}
rCorr   +            Q - +2 pair of gloves "Qaesott" {Rampage Regen+}
SInv    .            F - +2 pair of boots {Stlth+}
Will    ++...        (no amulet) Stlth
                     n - ring "Fycrur" {rN+ rCorr Dex-2 Slay+2}
HPRegen 1.33/turn    c - ring "Jemerig" {rF+ rC+ Will+ Dex+5}
MPRegen 0.23/turn

%: rampage
@: heroic, finesse-ful, studying Alchemy
A: horns 2, retaliatory headbutt
}: 2/15 runes: decaying, serpentine
a: Renounce Religion, Heroism, Finesse, Duel


You were on level 5 of the Vaults.
You worshipped Okawaru.
Okawaru was extremely pleased with you.
You visited 8 branches of the dungeon, and saw 39 of its levels.
You visited 1 bazaar.
You also visited: Ossuary, Ice Cave, Volcano and Desolation.

You collected 4971 gold pieces.
You spent 2127 gold pieces at shops.

Inventory:

Hand Weapons
 P - a +4 vampiric broad axe
 R - a +9 heavy broad axe (weapon)
Missiles
 k - 18 curare-tipped darts
 m - 23 javelins
 I - 18 boomerangs (quivered)
 M - 11 datura-tipped darts
 S - 3 silver javelins
Armour
 a - a +1 crystal plate armour (worn)
 q - a +2 cloak of fire resistance (worn)
 F - a +2 pair of boots of stealth (worn)
 N - the -1 pair of gloves of Weightlessness {Harm rC+ Str+3}
   (You found it on level 9 of the Dungeon)

   Str+3:     It affects your strength (+3).
   rC+:       It protects you from cold.
   Harm:      It increases damage dealt and taken.
 Q - the +2 pair of gloves "Qaesott" (worn) {Rampage Regen+}
   (You found it on level 2 of the Vaults)

   Regen+:    It increases your rate of health regeneration.
   Rampage:   It bestows one free step when moving towards enemies.
 V - the +2 hat of the Boiling Point (worn) {Str+2}
   (You found it on level 2 of the Snake Pit)

   Str+2:     It affects your strength (+2).
 Y - a +0 tower shield of positive energy (worn)
Jewellery
 c - the ring "Jemerig" (right hand) {rF+ rC+ Will+ Dex+5}
   (You bought it in a shop on level 4 of the Vaults)

   [ring of protection from fire]

   Dex+5:     It affects your dexterity (+5).
   rF+:       It protects you from fire.
   rC+:       It protects you from cold.
   Will+:     It increases your willpower.
 j - an amulet of regeneration
 n - the ring "Fycrur" (left hand) {rN+ rCorr Dex-2 Slay+2}
   (You found it on level 3 of the Elven Halls)

   [ring of resist corrosion]

   Dex-2:     It affects your dexterity (-2).
   Slay+2:    It affects your accuracy & damage with ranged weapons and melee
   (+2).
   rN+:       It protects you from negative energy.
   rCorr:     It protects you from acid and corrosion.
 p - the amulet of Patience {Acrobat Will+ Int+3 Stlth+}
   (You found it on level 2 of the Snake Pit)

   [amulet of the acrobat]

   Acrobat:   It increases your evasion while moving and waiting.
   Int+3:     It affects your intelligence (+3).
   Will+:     It increases your willpower.
   Stlth+:    It makes you more stealthy.
 J - the ring of Figroen {rPois rC+ Int+2 Dex+4}
   (You found it in the Desolation of Salt)

   [ring of poison resistance]

   Int+2:     It affects your intelligence (+2).
   Dex+4:     It affects your dexterity (+4).
   rC+:       It protects you from cold.
   rPois:     It protects you from poison
 W - the ring of Demons {rElec SInv}
   (You took it off a naga ritualist on level 2 of the Snake Pit)

   [ring of see invisible]

   rElec:     It insulates you from electricity.
   SInv:      It lets you see invisible.
Wands
 s - a wand of digging (16)
Scrolls
 b - 4 scrolls of immolation
 f - 9 scrolls of poison
 g - 19 scrolls of teleportation
 h - 8 scrolls of vulnerability
 i - 4 scrolls of silence
 l - 3 scrolls of brand weapon
 y - 8 scrolls of enchant armour
 C - 22 scrolls of identify
 E - 6 scrolls of torment
 G - 2 scrolls of revelation
 H - 5 scrolls of blinking
 K - 3 scrolls of fear
 L - 5 scrolls of noise
 O - 7 scrolls of enchant weapon
Potions
 d - 5 potions of lignification
 e - 8 potions of heal wounds
 o - 5 potions of berserk rage
 r - 4 potions of enlightenment
 t - 17 potions of curing
 u - 10 potions of might
 v - 4 potions of invisibility
 w - 7 potions of mutation
 x - 11 potions of haste
 z - 3 potions of resistance
 A - a potion of brilliance
 B - 6 potions of magic
 D - 5 potions of attraction
 X - a potion of ambrosia


   Skills:
 * Level 18.2(23.2) Fighting
 * Level 21.0(26.0) Axes
 + Level 16.2(21.2) Throwing
 - Level 23.0(27) Armour
 + Level 10.4(15.4) Dodging
 + Level 5.6(10.6) Stealth
 * Level 21.2(26.2) Shields
 + Level 14.9 Invocations


You had 21 spell levels left.
You didn't know any spells.
Your spell library contained the following spells:

 Spells                   Type           Power      Damage    Failure   Level
 Apportation              Tloc           0%         N/A       97%         1
 Foxfire                  Conj/Fire      0%         2x1d4     97%         1
 Necrotise                Necr           0%         1d4       97%         1
 Sandblast                Erth           0%         2d4       97%         1
 Slow                     Hex            0%         N/A       97%         1
 Sting                    Conj/Alch      0%         1d3       97%         1
 Cigotuvi's Dreadful Rot  Necr/Alch/Air  0%         N/A       99%         2
 Ensorcelled Hibernation  Hex/Ice        0%         N/A       99%         2
 Lesser Beckoning         Tloc           0%         N/A       99%         2
 Mercury Vapours          Alch/Air       0%         N/A       99%         2
 Momentum Strike          Conj/Tloc      0%         3d8       99%         2
 Scorch                   Fire           0%         2d5       99%         2
 Confusing Touch          Hex            0%         N/A       100%        3
 Dazzling Flash           Conj/Hex       0%         N/A       100%        3
 Frozen Ramparts          Ice            0%         1d1       100%        3
 Fugue of the Fallen      Necr           0%         N/A       100%        3
 Gell's Gravitas          Tloc           0%         N/A       100%        3
 Hailstorm                Conj/Ice       0%         3d5       100%        3
 Inner Flame              Hex/Fire       0%         N/A       100%        3
 Mephitic Cloud           Conj/Alch/Air  0%         N/A       100%        3
 Ozocubu's Armour         Ice            0%         N/A       100%        3
 Passwall                 Erth           0%         N/A       100%        3
 Sigil of Binding         Hex            0%         N/A       100%        3
 Stone Arrow              Conj/Erth      0%         3d7       100%        3
 Teleport Other           Tloc           0%         N/A       100%        3
 Vampiric Draining        Necr           0%         2d6       100%        3
 Anguish                  Hex/Necr       0%         N/A       100%        4
 Brom's Barrelling Bould  Conj/Erth      0%         2d3       100%        4
 Dimensional Bullseye     Hex/Tloc       0%         N/A       100%        4
 Dispel Undead            Necr           0%         3d6       100%        4
 Flame Wave               Conj/Fire      0%         2d4       100%        4
 Ignite Poison            Fire/Alch      0%         N/A       100%        4
 Iskenderun's Mystic Bla  Conj/Tloc      0%         2d3       100%        4
 Leda's Liquefaction      Alch/Erth      0%         N/A       100%        4
 Manifold Assault         Tloc           0%         N/A       100%        4
 Sticky Flame             Fire/Alch      0%         2d4       100%        4
 Alistair's Intoxication  Alch           0%         N/A       100%        5
 Borgnjor's Vile Clutch   Necr/Erth      0%         N/A       100%        5
 Curse of Agony           Necr           0%         N/A       100%        5
 Freezing Cloud           Conj/Ice/Air   0%         6-21      100%        5
 Irradiate                Conj/Alch      0%         3d11      100%        5
 Lee's Rapid Deconstruct  Erth           0%         3d4*      100%        5
 Metabolic Englaciation   Hex/Ice        0%         N/A       100%        5
 Silence                  Hex/Air        0%         N/A       100%        5
 Bombard                  Conj/Erth      0%         9d1       100%        6
 Conjure Ball Lightning   Conj/Air       0%         3x3d6     100%        6
 Dispersal                Tloc           0%         N/A       100%        6
 Eringya's Noxious Bog    Alch           0%         4d6       100%        6
 Plasma Beam              Fire/Air       0%         2x1d10    100%        6
 Starburst                Conj/Fire      0%         6d3       100%        6
 Discord                  Hex            0%         N/A       100%        8
 Disjunction              Tloc           0%         N/A       100%        8
 Ignition                 Fire           0%         3d3       100%        8
 Fire Storm               Conj/Fire      0%         5d1       100%        9
 Summon Small Mammal      Summ           Unusable   N/A       N/A         1
 Call Canine Familiar     Summ           Unusable   N/A       N/A         3
 Summon Ice Beast         Ice/Summ       Unusable   N/A       N/A         3
 Tukima's Dance           Hex            Unusable   N/A       N/A         3
 Martyr's Knell           Necr/Summ      Unusable   N/A       N/A         4
 Death Channel            Necr           Unusable   N/A       N/A         6
 Summon Cactus Giant      Summ           Unusable   N/A       N/A         6

Dungeon Overview and Level Annotations

Branches:
Dungeon (15/15)            Temple (1/1) D:7            Lair (5/5) D:10
  Swamp (4/4) Lair:2        Snake (4/4) Lair:2        Slime (0/5) Lair:4
    Orc (2/2) D:10            Elf (3/3) Orc:2        Vaults (5/5) D:13
  Crypt (0/3) Vaults:3     Depths (0/4) D:15        Ossuary (visited)
  IceCv (visited)         Volcano (visited)         Desolation (visited)

Altars:
Ashenzari
Cheibriados
Dithmenos
Elyvilon
Fedhas
Gozag
Hepliaklqana
Kikubaaqudgha
Makhleb
Nemelex Xobeh
Okawaru
Qazlal
Ru
Sif Muna
Trog
Uskayaw
Vehumet
Wu Jian
Xom
Yredelemnul
Zin
The Shining One
Jiyva

Shops:
D:1 *   Orc:2 *[?::   Elf:3 !   Snake:1 =:=   Vaults:2 !:([   Vaults:4 *(=

Portals:
Pandemonium: Orc:2
Trove: Vaults:3 (show slimy rune of Zot)

Annotations:
Lair:4 exclusion: oklob plant
Orc:1 1 runed translucent door


Innate Abilities, Weirdness & Mutations

You have a pair of horns on your head.
You reflexively headbutt those who attack you in melee.


Message History

The frost giant points at you and mumbles some strange words.
The bolt of cold misses you.
The stone giant throws a large rock.
You block the large rock. The frost giant casts a spell at you.
The bolt of cold hits you!! You resist.
* * * LOW HITPOINT WARNING * * *
The vault warden activates a sealing rune.
The deep elf high priest utters a dark prayer and points at you.
Your life force is offered up.
* * * LOW HITPOINT WARNING * * *
The frost giant is healed.
The sphinx casts a spell.
Something smites you!
* * * LOW HITPOINT WARNING * * *
You continue putting on the amulet of Patience {Acrobat Will+ Int+3 Stlth+}.
The frost giant gestures at you while chanting.
The bolt of cold hits the frost giant!
The frost giant resists.
The bolt of cold hits you but does no damage.
The frost giant casts a spell at you. The bolt of cold hits you! You resist.
* * * LOW HITPOINT WARNING * * *
The frost giant gestures at you while chanting.
The bolt of cold hits you! You resist.
* * * LOW HITPOINT WARNING * * *
The deep elf high priest prays to its god.
The deep elf high priest begins emitting a brilliant aura!
The yaktaur shoots a bolt.
You block the bolt.
You continue putting on the amulet of Patience {Acrobat Will+ Int+3 Stlth+}.
The sphinx mumbles some strange words.
Something smites you!
* * * LOW HITPOINT WARNING * * *
The frost giant casts a spell at you. The bolt of cold misses you.
The stone giant throws a large rock.
You block the large rock.
The vault warden shoots a bolt.
The bolt hits you but does no damage.
The sphinx is empowered by the deep elf high priest's aura!
You continue putting on the amulet of Patience {Acrobat Will+ Int+3 Stlth+}.
The sphinx mumbles some strange words.
Something smites you!
You die...

... #....# #(#
.... #....# #C#
..(###....# #H#
#........##.#
#...e.....O#
###....[.[..p#####
.......)<<.[......
.......C))<[..(...
.......c<@../H....
........).....C...
#####........#####
.............
#.CC#....#.....
....#....#.....
.#...#....##....
.. #....# ....


You could see 3 frost giants, 2 sphinxes, 2 stone giants, a vault warden
(empowered), an ogre mage, a deep elf high priest (brilliance aura) and a
yaktaur.

Vanquished Creatures
  2 dread liches (Vaults:5)
  Mara (Snake:3)
  Mennas (Vaults:2)
  The ghost of Hosoh the Bludgeoner, an adept FoFi of Okawaru (Swamp:3)
  3 tentacled monstrosities (Vaults:5)
  Rupert (D:12)
  Asterion (Vaults:2)
  A titan (Vaults:3)
  3 deep elf blademasters
  An ancient champion (Vaults:3)
  4 deep elf master archers (Elf:3)
  3 sphinxes
  2 thorn hunters
  Donald (Swamp:3)
  A shadow dragon (Vaults:4)
  Aizul (Swamp:1)
  A storm dragon (Vaults:4)
  4 tengu reavers
  5 nagarajas (Snake:4)
  2 deep elf sorcerers
  4 imperial myrmidons (Desolation)
  A fire giant (Vaults:3)
  2 frost giants (Vaults:4)
  The ghost of Eqogoitu the Earth Mage, an adept DEEE of Vehumet (Snake:2)
  17 vault wardens
  A deep elf elementalist (Elf:3)
  An orc warlord (Vaults:4)
  A ghoul (Swamp:4)
  3 stone giants (Vaults:5)
  A reaper (IceCv)
  13 ironbound preservers
  5 ironbound thunderhulks
  2 formless jellyfish (Vaults:4)
  3 eleionomae (Swamp:3)
  11 deep elf death magi
  A minotaur (Lair:5)
  9 deep elf demonologists
  A spark wasp (Swamp:2)
  5 bunyips
  4 war gargoyles
  5 deep elf annihilators (Elf:3)
  9 dire elephants
  2 crystal guardians (Desolation)
  17 yaktaur captains
  4 deep elf high priests
  7 great orbs of eyes
  3 shambling mangroves
  A salamander tyrant (Snake:3)
  3 entropy weavers
  9 ragged hierophants (Desolation)
  The ghost of Dega the Crack Shot, a journeyman SpHu of Dithmenos (Lair:5)
  17 peacekeepers
  10 servants of whispers (Desolation)
  16 hydras
  9 ironbound frosthearts
  12 anacondas
  33 vault guards
  3 catoblepae (Lair:5)
  2 demonspawn (Orc:2)
  12 naga warriors
  6 boulder beetles
  5 centaur warriors
  11 two-headed ogres
  5 alligators
  30 dancing weapons
  13 death yaks
  3 tengu warriors
  A deep troll earth mage (Vaults:3)
  5 orc high priests (Orc:2)
  Urug (Orc:2)
  11 shock serpents
  3 spriggans
  11 deep elf knights
  20 naga sharpshooters
  3 hell knights (Vaults:4)
  A spectral spriggan (Swamp:3)
  A fire crab (Volcano)
  6 salamander mystics
  A skyshark (Lair:5)
  A sixfirhy (Orc:2)
  4 skeletal warriors (D:12)
  A flayed ghost (Vaults:3)
  8 goliath frogs
  7 sea snakes
  2 spriggan druids
  20 deep trolls
  11 swamp dragons
  12 orc knights
  15 mana vipers
  Pikel (D:4)
  9 arcanists
  7 necromancers
  18 ironbound convokers
  19 naga ritualists
  A phantasmal warrior (Vaults:4)
  9 deep elf archers
  9 lindwurms
  29 deep elf pyromancers
  3 bog bodies
  30 deep elf zephyrmancers
  13 ugly things
  6 cyclopes
  A moth of wrath (Snake:2)
  7 manticores
  15 salamanders
  7 will-o-the-wisps
  7 orc sorcerers (Orc:2)
  10 guardian serpents
  2 ice statues (IceCv)
  A guardian serpent (shapeshifter) (D:15)
  42 black mambas
  15 naga magi
  23 vault sentinels
  23 elephants
  A molten gargoyle (Desolation)
  5 gargoyles
  A smoke demon (Orc:2)
  2 eyes of devastation (shapeshifter)
  12 cane toads
  10 komodo dragons
  An unseen horror (D:11)
  7 rime drakes
  2 bunyip simulacra (Swamp:3)
  A yaktaur (shapeshifter) (Elf:3)
  6 ice devils (IceCv)
  Psyche (D:12)
  2 freezing wraiths
  42 yaktaurs
  An anaconda simulacrum (IceCv)
  12 tyrant leeches
  9 hornets
  Prince Ribbit (D:7)
  87 saltlings
  A bloated husk (Swamp:3)
  A hellwing (Orc:2)
  3 polar bears
  9 trolls
  9 dream sheep
  A raiju (shapeshifter) (Elf:3)
  Sigmund (D:2)
  37 slime creatures
  A jumping spider (Vaults:3)
  10 wraiths
  3 shadows
  A wyvern (Lair:5)
  A dire elephant simulacrum (IceCv)
  4 vampires
  42 yaks
  A basilisk (shapeshifter) (Elf:2)
  5 basilisks
  2 humans (D:10)
  6 water elementals
  3 fire bats (Volcano)
  5 fire elementals
  4 redbacks
  20 vampire mosquitoes
  2 steam dragons
  A death yak simulacrum (IceCv)
  3 wargs
  14 swamp worms
  39 nagas
  A harpy simulacrum (IceCv)
  3 acid dragons
  16 water moccasins
  2 hydra simulacra
  7 swamp drakes (Swamp:4)
  29 orc warriors
  2 black bears
  A laughing skull (D:10)
  An ice beast (D:8)
  A sky beast (D:8)
  19 centaurs
  7 ogres
  21 wolves
  A lemure (D:4)
  3 kobold brigands
  A scorpion (D:6)
  14 bullfrogs
  3 gnoll sergeants
  A wyvern zombie (D:7)
  A cane toad simulacrum (IceCv)
  5 two-headed ogre simulacra (IceCv)
  An earth elemental (Elf:1)
  11 wights
  The ghost of bignoob the Chopper, a weakling MDDe (D:3)
  5 killer bees
  An electric eel (Lair:1)
  9 howler monkeys
  4 bullfrog zombies (Ossuary)
  2 bombardier beetles (D:5)
  A centaur zombie (D:7)
  A gnoll bouda (D:5)
  A hound (D:3)
  22 orc priests
  2 sleepcaps
  10 iguanas
  Crazy Yiuf (D:2)
  Jessica (D:2)
  Natasha (thrice) (D:3)
  16 orc wizards
  2 polar bear simulacra (IceCv)
  3 spriggan simulacra
  2 troll simulacra (IceCv)
  A killer bee zombie (Ossuary)
  A wolf simulacrum (IceCv)
  3 crocodile zombies (Ossuary)
  4 hound zombies (Ossuary)
  11 mummies (Ossuary)
  A howler monkey zombie (Ossuary)
  Robin (D:3)
  19 gnolls
  8 adders
  A naga simulacrum (IceCv)
  3 white imps
  5 ufetubi
  2 ribbon worms
  2 dart slugs
  53 orcs
  3 bats
  9 endoplasms
  5 giant cockroaches
  12 goblins
  13 hobgoblins
  10 jackals
  5 quokkas
  10 ball pythons
  4 ball python zombies (Ossuary)
  7 frilled lizards
  31 kobolds
  6 rats
1725 creatures vanquished.

Vanquished Creatures (others)
  An entropy weaver (Vaults:2)
  A naga warrior (Snake:3)
  A deep elf knight (Elf:2)
  A bog body (Swamp:3)
  A deep elf pyromancer (Elf:2)
  2 deep elf zephyrmancers
  A vampire mosquito (Swamp:3)
  An orc (Vaults:5)
  25 foxfires
34 creatures vanquished.

Grand Total: 1759 creatures vanquished

Notes
Turn   | Place    | Note
-------+----------+-------------------------------------------
     0 | D:1      | eternalray the Minotaur Fighter began the quest for the
                  | Orb.
     0 | D:1      | Reached XP level 1. HP: 19/19 MP: 0/0
    29 | D:1      | Found Zakoti's Assorted Antiques.
    50 | D:1      | Reached XP level 2. HP: 26/26 MP: 1/1
   216 | D:1      | Reached XP level 3. HP: 23/31 MP: 2/2
   295 | D:1      | Found a faded altar of an unknown god.
   716 | D:2      | Reached XP level 4. HP: 39/39 MP: 3/3
   808 | D:2      | Identified the +6 sling of Arrival {speed, rC+ Int+5}
   897 | D:2      | Noticed Sigmund
   915 | D:2      | Killed Sigmund
   916 | D:2      | Reached skill level 5 in Shields
   916 | D:2      | Reached XP level 5. HP: 31/45 MP: 4/4
  1015 | D:2      | Reached XP level 6. HP: 51/51 MP: 5/5
  1205 | D:2      | Noticed Jessica
  1211 | D:2      | Killed Jessica
  1228 | D:2      | Found a runed translucent door.
  1229 | D:2      | Noticed Crazy Yiuf
  1241 | D:2      | Killed Crazy Yiuf
  1772 | D:3      | Noticed Robin
  1786 | D:3      | Killed Robin
  1928 | D:3      | Reached XP level 7. HP: 57/57 MP: 6/6
  2171 | D:3      | Noticed Natasha
  2177 | D:3      | Killed Natasha
  2237 | D:3      | Found a runed translucent door.
  2238 | D:3      | Noticed bignoob's ghost (weakling MDDe)
  2251 | D:3      | Killed bignoob's ghost
  2286 | D:3      | Noticed Natasha
  2296 | D:3      | Killed Natasha
  2432 | D:3      | Noticed Natasha
  2443 | D:3      | Killed Natasha
  2710 | D:4      | Noticed Pikel
  2728 | D:4      | Killed Pikel
  2729 | D:4      | Reached XP level 8. HP: 62/64 MP: 7/7
  2953 | D:5      | Entered Level 5 of the Dungeon
  3372 | D:5      | Found a sand-covered staircase.
  3379 | Ossuary  | Entered an ossuary
  3659 | D:5      | Reached XP level 9. HP: 70/70 MP: 8/8
  3962 | D:5      | Found a bloodstained altar of Trog.
  3983 | D:5      | Found a shimmering blue altar of Sif Muna.
  3987 | D:5      | Got Sif Muna's Compendium of Arcane Combat
  4316 | D:6      | Reached skill level 15 in Axes
  4683 | D:7      | Found a staircase to the Ecumenical Temple.
  4692 | Temple   | Entered the Ecumenical Temple
  4874 | D:7      | Reached skill level 1 in Throwing
  5046 | D:7      | Reached XP level 10. HP: 77/77 MP: 9/9
  5054 | D:7      | Found a basalt altar of Yredelemnul.
  5090 | D:7      | Noticed Prince Ribbit
  5108 | D:7      | Killed Prince Ribbit
  5713 | D:8      | Found a sparkling altar of Nemelex Xobeh.
  5838 | D:9      | Found a snail-covered altar of Cheibriados.
  5838 | D:9      | Noticed a torpor snail
  5838 | D:9      | Noticed a torpor snail
  5841 | D:9      | Noticed a torpor snail
  5902 | D:9      | Noticed a two-headed ogre
  5911 | D:9      | Killed a two-headed ogre
  5912 | D:9      | Reached skill level 1 in Stealth
  6147 | D:9      | Identified the -1 pair of gloves of Weightlessness {Harm
                  | rC+ Str+3}
  6193 | D:9      | Reached skill level 5 in Throwing
  6193 | D:9      | Reached XP level 11. HP: 81/82 MP: 10/10
  6227 | D:9      | Found a shadowy altar of Dithmenos.
  6422 | D:10     | Entered Level 10 of the Dungeon
  6528 | D:11     | Noticed a two-headed ogre
  6536 | D:11     | Killed a two-headed ogre
  6537 | D:11     | Reached skill level 4 in Armour
  6686 | D:10     | Noticed a two-headed ogre
  6691 | D:10     | Killed a two-headed ogre
  6695 | D:10     | Reached skill level 5 in Fighting
  6702 | D:11     | Reached skill level 5 in Armour
  6867 | D:10     | Found a staircase to the Orcish Mines.
  6893 | D:10     | Found a broken altar of Ashenzari.
  6894 | D:10     | Found an ornate altar of the Wu Jian Council.
  6902 | D:10     | Found an ancient bone altar of Kikubaaqudgha.
  6906 | D:10     | Found a burning altar of Makhleb.
  6908 | D:10     | Found a hide-covered altar of Uskayaw.
  6909 | D:10     | Found a radiant altar of Vehumet.
  6914 | D:10     | Found a shimmering altar of Xom.
  6916 | D:10     | Found an opulent altar of Gozag.
  6917 | D:10     | Found a glowing silver altar of Zin.
  6957 | D:10     | Found an iron altar of Okawaru.
  6975 | D:10     | Became a worshipper of Warmaster Okawaru
  7008 | D:10     | Reached skill level 6 in Armour
  7082 | D:10     | Found a staircase to the Lair.
  7086 | D:10     | Reached skill level 1 in Dodging
  7086 | D:10     | Reached skill level 1 in Invocations
  7128 | D:10     | Reached * piety under Okawaru
  7440 | D:10     | Reached ** piety under Okawaru
  7441 | D:10     | Reached skill level 7 in Armour
  7480 | D:10     | Reached XP level 12. HP: 97/100 MP: 12/12
  7821 | Lair:1   | Entered Level 1 of the Lair of Beasts
  8078 | Lair:1   | Reached *** piety under Okawaru
  8079 | Lair:1   | Reached skill level 5 in Stealth
  8081 | Lair:1   | Noticed a four-headed hydra
  8092 | Lair:1   | Killed a four-headed hydra
  8097 | Lair:1   | Reached skill level 8 in Armour
  8864 | Lair:2   | Reached **** piety under Okawaru
  9125 | Lair:2   | Reached skill level 9 in Armour
  9149 | Lair:2   | Reached ***** piety under Okawaru
  9270 | Lair:2   | Found a staircase to the Snake Pit.
  9407 | Lair:2   | Found a staircase to the Swamp.
  9562 | Lair:2   | Reached XP level 13. HP: 112/112 MP: 15/15
  9789 | Lair:3   | Reached skill level 5 in Dodging
 10015 | Lair:3   | Reached skill level 10 in Fighting
 10015 | Lair:3   | Reached skill level 10 in Armour
 10016 | Lair:3   | Received a gift from Okawaru
 10327 | Lair:3   | Reached skill level 5 in Invocations
 10702 | Lair:4   | Found a dark tunnel.
 10711 | Volcano  | Entered a volcano
 10841 | Volcano  | Received a gift from Okawaru
 10911 | Lair:4   | Reached skill level 11 in Armour
 11119 | Lair:4   | Found a hazy altar of Hepliaklqana.
 11478 | Lair:4   | Found a viscous altar of Jiyva.
 11478 | Lair:4   | Found a staircase to the Slime Pits.
 11532 | Lair:5   | Entered Level 5 of the Lair of Beasts
 11703 | Lair:5   | Noticed Dega's ghost (journeyman SpHu)
 11706 | Lair:5   | Noticed a minotaur
 11766 | Lair:5   | Received a gift from Okawaru
 11882 | Lair:5   | Reached ****** piety under Okawaru
 11908 | Lair:5   | Reached XP level 14. HP: 104/125 MP: 17/17
 11908 | Lair:5   | Acquired a +5 heavy broad axe
 11908 | Lair:5   | Received a gift from Okawaru
 11914 | Lair:5   | Acquired a +1 crystal plate armour
 11914 | Lair:5   | Received a gift from Okawaru
 11959 | Lair:5   | Reached skill level 12 in Armour
 12038 | Lair:5   | Received a gift from Okawaru
 12104 | Lair:5   | Found the ring of the Hare {EV+10}
 12242 | Lair:5   | Received a gift from Okawaru
 12252 | Lair:5   | Found a runed translucent gate.
 12252 | Lair:5   | Found a runed translucent gate.
 12253 | Lair:5   | Found a runed translucent gate.
 12299 | Lair:5   | Reached skill level 13 in Armour
 12399 | Lair:5   | Killed Dega's ghost
 12838 | Orc:1    | Entered Level 1 of the Orcish Mines
 13310 | Orc:1    | Found a runed translucent door.
 13313 | Orc:1    | Noticed a balrug
 13604 | Orc:2    | Entered Level 2 of the Orcish Mines
 13938 | Orc:2    | Noticed Urug
 13940 | Orc:2    | Found Noiczomu's Book Emporium.
 13946 | Orc:2    | Killed Urug
 14097 | Orc:2    | Found a staircase to the Elven Halls.
 14107 | Orc:2    | Found Noiduyst's Magic Scroll Shoppe.
 14108 | Orc:2    | Found Naptan's General Store.
 14131 | Orc:2    | Received a gift from Okawaru
 14235 | Orc:2    | Reached skill level 14 in Armour
 14287 | Orc:2    | Reached XP level 15. HP: 117/138 MP: 19/19
 14295 | Orc:2    | Received a gift from Okawaru
 14326 | Orc:2    | Found Notyteit's Antique Armour Shop.
 14326 | Orc:2    | Found Apex's Book Boutique.
 14327 | Orc:2    | Found a one-way gate leading to the halls of Pandemonium.
 14631 | D:11     | Reached skill level 10 in Throwing
 15056 | D:12     | Noticed Psyche
 15059 | D:12     | Killed Psyche
 15440 | D:12     | Noticed Rupert
 15442 | D:12     | Paralysed by Rupert for 2 turns
 15450 | D:12     | Paralysed by Rupert for 3 turns
 15454 | D:12     | Killed Rupert
 15871 | D:13     | Received a gift from Okawaru
 15875 | D:13     | Found a frozen archway.
 15907 | IceCv    | Entered an ice cave
 16095 | IceCv    | Reached skill level 15 in Armour
 16106 | IceCv    | Got Fotyepp's Compilation of Cold
 16262 | D:13     | Identified the +0 leather armour "Tilubb" {rElec rN++ Str-5
                  | SInv}
 16274 | D:13     | Reached skill level 15 in Fighting
 16786 | D:13     | Found a gate to the Vaults.
 16790 | D:13     | Received a gift from Okawaru
 17511 | D:15     | Entered Level 15 of the Dungeon
 17592 | D:15     | Received a gift from Okawaru
 17656 | D:15     | Reached skill level 10 in Shields
 17875 | D:15     | Found a staircase to the Depths.
 17953 | D:15     | Reached skill level 16 in Armour
 17953 | D:15     | Reached XP level 16. HP: 118/149 MP: 21/21
 18503 | Swamp:1  | Entered Level 1 of the Swamp
 18504 | Swamp:1  | Identified the serpent talisman of Supple Strength {rN+
                  | Str-3 Stlth+}
 18504 | Swamp:1  | Noticed Aizul
 18504 | Swamp:1  | Found a bloodstained altar of Trog.
 18513 | Swamp:1  | Killed Aizul
 18771 | Swamp:1  | Received a gift from Okawaru
 19529 | Swamp:2  | Received a gift from Okawaru
 19790 | Swamp:3  | Found a transporter.
 19792 | Swamp:3  | Noticed Hosoh's ghost (adept FoFi)
 19793 | Swamp:3  | Found a transporter.
 19883 | Swamp:3  | Killed Hosoh's ghost
 19884 | Swamp:3  | Reached skill level 17 in Armour
 20247 | Swamp:3  | Noticed a thorn hunter
 20253 | Swamp:3  | Killed a thorn hunter
 20373 | Swamp:3  | Noticed Donald
 20385 | Swamp:3  | Killed Donald
 20522 | Swamp:4  | Entered Level 4 of the Swamp
 20532 | Swamp:4  | Received a gift from Okawaru
 20823 | Swamp:4  | Reached skill level 10 in Invocations
 20933 | Swamp:4  | Noticed a thorn hunter
 20936 | Arena    | Entered the Arena
 20959 | Arena    | Entered the Arena
 20987 | Swamp:4  | Killed a thorn hunter
 20988 | Swamp:4  | Reached XP level 17. HP: 86/156 MP: 7/23
 21269 | Swamp:4  | Reached skill level 18 in Armour
 21316 | Swamp:4  | Received a gift from Okawaru
 21389 | Swamp:4  | Got a decaying rune of Zot
 21427 | Swamp:4  | Identified the +11 flail "Ikeotsuy" {spect, Str+3 Stlth+}
 21803 | Snake:1  | Entered Level 1 of the Snake Pit
 21803 | Snake:1  | Found the sphere of Battle
 22458 | Snake:1  | Found Bisylowou's Jewellery Boutique.
 22459 | Snake:1  | Found Viceon's Book Emporium.
 22463 | Snake:1  | Found Guteng's Jewellery Boutique.
 22600 | Snake:1  | Found a shadowy altar of Dithmenos.
 23045 | Snake:2  | Found a transporter.
 23046 | Snake:2  | Noticed Eqogoitu's ghost (adept DEEE)
 23052 | Snake:2  | Found a transporter.
 23117 | Snake:2  | Killed Eqogoitu's ghost
 23122 | Snake:2  | Identified the +2 hat of the Boiling Point {Str+2}
 23139 | Snake:2  | Identified the amulet of Patience {Acrobat Will+ Int+3
                  | Stlth+}
 23311 | Snake:2  | Identified the ring of Demons {rElec SInv}
 23474 | Snake:2  | Received a gift from Okawaru
 23518 | Snake:2  | Reached skill level 19 in Armour
 24118 | Snake:3  | Noticed Mara
 24140 | Snake:3  | Killed Mara
 24141 | Snake:3  | Reached skill level 15 in Shields
 24235 | Snake:3  | Received a gift from Okawaru
 24290 | Snake:3  | Reached XP level 18. HP: 138/163 MP: 25/25
 24464 | Snake:3  | Received a gift from Okawaru
 25398 | Snake:4  | Entered Level 4 of the Snake Pit
 25634 | Snake:4  | Received a gift from Okawaru
 25772 | Snake:4  | Reached skill level 20 in Armour
 26472 | Snake:4  | Got a serpentine rune of Zot
 26799 | Vaults:1 | Entered Level 1 of the Vaults
 26890 | Vaults:1 | Received a gift from Okawaru
 27226 | Vaults:1 | Reached XP level 19. HP: 170/170 MP: 27/27
 27232 | Vaults:1 | Received a gift from Okawaru
 27302 | Vaults:1 | Reached skill level 21 in Armour
 28001 | Vaults:2 | Received a gift from Okawaru
 28145 | Vaults:2 | Noticed Mennas
 28170 | Vaults:2 | Killed Mennas
 28367 | Vaults:2 | Found Ithraw's Armour Emporium.
 28390 | Vaults:2 | Found Wyskemor's Weapon Shop.
 28453 | Vaults:2 | Found Jiwnaeg's Book Shop.
 28482 | Vaults:2 | Noticed Asterion
 28488 | Vaults:2 | Killed Asterion
 28562 | Arena    | Entered the Arena
 28595 | Arena    | Entered the Arena
 28617 | Arena    | Entered the Arena
 28841 | Vaults:2 | Reached skill level 10 in Dodging
 29068 | Vaults:2 | Found Waprureta's Distillery.
 29091 | Vaults:2 | Identified the +2 pair of gloves "Qaesott" {Rampage Regen+}
 29096 | Vaults:2 | Bought a potion of haste for 150 gold pieces
 29096 | Vaults:2 | Bought a potion of haste for 150 gold pieces
 29096 | Vaults:2 | Bought a potion of curing for 45 gold pieces
 29096 | Vaults:2 | Bought a potion of haste for 150 gold pieces
 29096 | Vaults:2 | Bought a potion of curing for 45 gold pieces
 29539 | Vaults:3 | Received a gift from Okawaru
 29658 | Vaults:3 | Reached skill level 22 in Armour
 30073 | Vaults:3 | Reached XP level 20. HP: 169/178 MP: 28/28
 30173 | Vaults:3 | Received a gift from Okawaru
 30289 | Vaults:3 | Identified the maw talisman of Evuqethrup {rC+}
 30595 | Vaults:3 | Received a gift from Okawaru
 30862 | Vaults:3 | Found a staircase to the Crypt.
 30982 | Vaults:3 | Found a portal to a secret trove of treasure.
 31292 | Vaults:4 | Received a gift from Okawaru
 31356 | Vaults:4 | Identified the +3 trident of Infinity {venom, rF+ Str+3
                  | Dex+2}
 31408 | Vaults:4 | Found Yreraze's Jewellery Shop.
 31416 | Vaults:4 | Bought the ring "Jemerig" {rF+ rC+ Will+ Dex+5} for 991
                  | gold pieces
 31514 | Vaults:4 | Reached skill level 15 in Throwing
 31687 | Vaults:4 | Reached skill level 23 in Armour
 31709 | Vaults:4 | Found Hanaukko's Antique Weapon Boutique.
 31714 | Vaults:4 | Identified the +10 quarterstaff "Gotauq" {holy, SInv}
 31858 | Vaults:4 | Paralysed by a formless jellyfish for 1 turns
 31860 | Vaults:4 | Received a gift from Okawaru
 32167 | Vaults:4 | Paralysed by a formless jellyfish for 1 turns
 32331 | Vaults:4 | Found Evusa's General Store.
 32696 | Elf:1    | Entered Level 1 of the Elven Halls
 32810 | Elf:1    | Found a crumbling gateway.
 32823 | Elf:1    | Found a flickering gateway to a bazaar.
 32840 | Bazaar   | Entered a bazaar
 32840 | Bazaar   | Found Ihe Ruek Jar's Weapon Boutique.
 32840 | Bazaar   | Found Heetta's Assorted Antiques.
 32840 | Bazaar   | Found Peychoocun's Book Shoppe.
 32842 | Bazaar   | Found Gishiqiro's Distillery.
 32842 | Bazaar   | Found Deuss's Antique Armour Shop.
 32866 | Bazaar   | Bought a potion of might for 48 gold pieces
 32883 | Bazaar   | Bought a pair of spiked gloves for 228 gold pieces
 32883 | Bazaar   | Identified the +2 pair of gloves of Death's Door {+Blink
                  | +Inv rElec Int-2} (You bought it in a shop in a bazaar)
 32901 | Desolati | Entered the Desolation of Salt
 32988 | Desolati | Reached XP level 21. HP: 168/187 MP: 30/30
 33107 | Desolati | Received a gift from Okawaru
 33284 | Desolati | Got the Thoughts on Harmful Wildfire
 33287 | Desolati | Identified the ring of Wariness {Fly Str+3}
 33349 | Desolati | Got the Spellbook of Malignant Secrets and the Winter
 33451 | Desolati | Identified the ring of Figroen {rPois rC+ Int+2 Dex+4}
 33496 | Desolati | Got the Compilation of the Grave and the Inferno
 33558 | Desolati | Received a gift from Okawaru
 34811 | Elf:2    | Found a runed translucent gate.
 34812 | Elf:2    | Found a runed translucent gate.
 34812 | Elf:2    | Found a runed translucent gate.
 35255 | Elf:3    | Entered Level 3 of the Elven Halls
 35343 | Elf:3    | Identified the ring "Fycrur" {rN+ rCorr Dex-2 Slay+2}
 35358 | Elf:3    | Found Asmixuff's Distillery.
 35366 | Elf:3    | Bought a potion of haste for 160 gold pieces
 35366 | Elf:3    | Bought a potion of resistance for 160 gold pieces
 35466 | Elf:3    | Received a gift from Okawaru
 35784 | Elf:3    | Reached XP level 22. HP: 85/190 MP: 29/31
 36081 | Elf:3    | Received a gift from Okawaru
 36175 | Elf:3    | Identified the ring of Propriety {Fly rPois}
 36219 | Elf:3    | Identified the amulet "Netyvy" {Faith rElec Stlth+}
 36298 | Elf:3    | Identified the staff of Optimality {^Drain rN+ Int+4 Dex+3
                  | Necro}
 36918 | Vaults:5 | Entered Level 5 of the Vaults
 36999 | Vaults:5 | Noticed a dread lich
 36999 | Vaults:5 | Noticed a dread lich
 37023 | Vaults:5 | Killed a dread lich
 37023 | Vaults:5 | Received a gift from Okawaru
 37034 | Vaults:5 | Killed a dread lich
 37042 | Vaults:5 | Identified the +5 leather armour of Okawaru's Condemnation
                  | {rN++ Will+ Dex-2}
 37229 | Arena    | Entered the Arena
 37258 | Vaults:5 | HP: 3/202 [sphinx/divine providence (16)]
 37259 | Vaults:5 | Killed from afar by a sphinx

Illustrated notes

Levels and vault maps discovered:
D:1:      heliophobic_arrival_dark_side_of_the_moon, layout_rooms, serial_shops,
          shop, hellmonk_ecumenical_altar_leap_of_faith,
          minmay_worlds_worst_comb
D:2:      minmay_recursive_quarters, layout_loops_corners,
          uniq_crazy_yiuf_cottage, uniq_jessica, uniq_sigmund
D:3:      layout_rooms, ebering_ghost_inner_flame, corexii_hall_statues_x,
          uniq_natasha, uniq_robin
D:4:      layout_cave_pools, uniq_pikel
D:5:      layout_loops_corners, nzn_overflow_gifts_of_might_and_magic,
          enter_ossuary_2
D:6:      layout_rooms, minmay_misc_feat_encased, minmay_misc_feat_ornament
D:7:      layout_cave_pools, lemuel_zombie_altar_yredelemnul,
          minmay_temple_entry_trees, chequers_serial_rivers_large_a,
          uniq_prince_ribbit1
D:8:      layout_rooms, nemelex_diamond_rough_becter
D:9:      minmay_inner_zag, layout_basic, grunt_dithmenos_smoke,
          cheibriados_altar_2
D:10:     layout_rooms, okawaru_humans, nicolae_overflow_hallway_of_the_gods,
          dpeg_lair_monsters, nzn_random_ring
D:11:     layout_gridville
D:12:     layout_long_grid, uniq_psyche, uniq_rupert
D:13:     layout_basic, david_vaults_1, portal_ice_cave_entry_pillars_2
D:14:     layout_long_grid, kennysheep_pointless_box
D:15:     hangedman_depths_entry_try_elsewhere_first, layout_irregular_city,
          minmay_misc_feat_four_crosses
Temple:   hellmonk_temple_beads
Lair:1:   layout_cave_pods, serial_bayou_shore_a, grunt_megastairs_3
Lair:2:   layout_misc_corridors, minmay_swamp_entry_worms,
          nicolae_snake_entry_squirm
Lair:3:   layout_cave_pods, amcnicky_mini_pool_medium, serial_bayou_shore_b
Lair:4:   layout_hall_layers, minmay_slime_entry_oklob_enclosed, basic_altar,
          enter_volcano_1
Lair:5:   evilmike_catoblepas_cave, layout_regular_city,
          maelrawn_ghost_gauntlet_escape
Swamp:1:  layout_falls_marsh, basic_altar, swamp_pool_1_2, uniq_aizul
Swamp:2:  layout_basic_swamp, serial_swamp_ruin, evilmike_swamp_ruin_house_4,
          evilmike_swamp_ruin_house_6, swamp_pool_3, nicolae_swamp_small_spring,
          nicolae_swamp_catching_bugs
Swamp:3:  layout_basic_swamp, gammafunk_ghost_mausoleum,
          nicolae_swamp_very_dense_foliage, swamp_pool_1_2, uniq_donald
Swamp:4:  swamp, layout_basic_swamp, swamp_pool_1_2,
          nicolae_swamp_dense_foliage, nicolae_swamp_well_well_well
Snake:1:  layout_basic, basic_altar, grunt_ministairs_9, minmay_shop_grove
Snake:2:  layout_misc_corridors, gammafunk_ghost_berserking_beasts,
          nicolae_snake_naga_rites
Snake:3:  nicolae_snake_shooting_gallery, layout_chambers, uniq_mara
Snake:4:  grunt_snake_rune_pools, layout_onion_interference, grunt_megastairs_5
Orc:1:    dreamdust_dug_too_deep, layout_caves
Orc:2:    pf_orc_diabolical, layout_caves, serial_shops, shop, uniq_urug
Elf:1:    eino_elf_arrival_shootout, layout_geoelf_octagon,
          portal_desolation_entry_salt, serial_shops, bzr_entry_gold,
          minmay_elf_sorcery, drop_trap
Elf:2:    nicolae_elf_blades_crystal_corner, layout_loops_ring, fountainhead
Elf:3:    minmay_elf_hall_circle, layout_rooms, serial_shops,
          nicolae_shop_industrial_runoff, minmay_elf_demonology
Vaults:1: nicolae_vaults_prndl, nicolae_vaults_diagonal_hallway_8,
          ontoclasm_vaults_shout, vaults_dpeg_diagonal, v_misc_26,
          nicolae_vaults_border_crossing, layout_vaults_omnigrid
Vaults:2: nicolae_vaults_closet_pinwheel_6, hangedman_vaults_stagger,
          hangedman_vaults_stream, nicolae_vaults_trapezoid_lopsided_2,
          vaults_room_ringed_pool, nicolae_vaults_shipping_containers_7,
          hangedman_vaults_slice, vaults_mumra_minichess,
          hangedman_vaults_corner, ontoclasm_vaults_twist, vaults_dpeg_spiral,
          nicolae_vaults_shelves_hall, ontoclasm_vaults_decontamination,
          vaults_dpeg_emergency_exit, nicolae_vaults_little_squares_3,
          layout_vaults_maze, serial_shops, nicolae_shop_statue_plus,
          nicolae_shop_industrial_runoff, nicolae_diamond_shop, shop,
          uniq_asterion, uniq_mennas
Vaults:3: minmay_crypt_entry_simple_box, nicolae_vaults_alarming,
          nicolae_vaults_minivaults, nicolae_vaults_wrenched,
          nicolae_vaults_doubleplus_tesselated, ontoclasm_vaults_bender,
          nicolae_vaults_puzzle_piece, vaults_dpeg_hooks,
          nicolae_vaults_tetromino_T_1, nicolae_vaults_house_3,
          hangedman_vaults_restitches, ontoclasm_vaults_ring_small,
          nicolae_vaults_closet_pinwheel_5, nicolae_vaults_diamond_2,
          nicolae_vaults_rhombus_5, layout_vaults_omnibox, enter_trove_5
Vaults:4: nicolae_vaults_twisting_passages, ontoclasm_vaults_gateway,
          lightli_orcish_oven, nicolae_vaults_network_barrier, v_rooms_6,
          vaults_room_semicircle, hangedman_vaults_cutoff, ontoclasm_vaults_eye,
          ontoclasm_vaults_tryst, nicolae_vaults_crenellated_ambush,
          nicolae_vaults_tetromino_T_2, layout_vaults_big_room, serial_shops,
          nicolae_shop_just_a_little_nook, nicolae_shop_peninsula, shop
Vaults:5

Skill      XL: |  1  2  3  4  5  6  7  8  9 10 11 12 13 14 15 16 17 18 19 20 21 22 |
---------------+-------------------------------------------------------------------+-----
Axes           | 3 4 6 7 8 11 13 16 18 20 21 | 21.0
Shields        | 4 5 7 10 13 15 16 17 19 20 21 | 21.2
Throwing       | 1 5 6 7 8 9 10 11 12 13 14 15 16 | 16.2
Stealth        | 2 4 5 |  5.6
Fighting       | 7 9 11 14 15 17 18 | 18.2
Armour         | 7 9 11 14 16 17 19 20 22 23 | 23.0
Dodging        | 2 4 5 6 8 10 | 10.4
Invocations    | 1 4 5 7 8 10 11 12 13 14 | 14.9

Action                     |  1- 3 |  4- 6 |  7- 9 | 10-12 | 13-15 | 16-18 | 19-21 | 22-24 || total
---------------------------+-------+-------+-------+-------+-------+-------+-------+-------++-------
  Melee: War axe           |    71 |   113 |   327 |   525 |   253 |       |       |       ||  1289
         Headbutt          |     7 |    13 |    72 |   109 |   155 |   170 |   286 |    52 ||   864
         Broad axe         |       |       |       |       |   464 |   779 |  1170 |   160 ||  2573
  Throw: Boomerang         |       |       |       |    43 |    34 |   159 |    16 |     7 ||   259
         Javelin           |       |       |       |       |       |     6 |    18 |     6 ||    30
         Dart              |       |       |       |       |       |       |     2 |       ||     2
 Invoke: Heroism           |       |       |       |     2 |     2 |     8 |     5 |     4 ||    21
         Receive Weapon    |       |       |       |       |     1 |       |       |       ||     1
         Receive Armour    |       |       |       |       |     1 |       |       |       ||     1
         Finesse           |       |       |       |       |     1 |     8 |     3 |     3 ||    15
         Duel              |       |       |       |       |       |     2 |     3 |     1 ||     6
  Evoke: Wand              |       |       |     4 |     1 |       |       |       |       ||     5
    Use: Potion            |       |     1 |       |     2 |     1 |     3 |     1 |       ||     8
         Scroll            |       |       |    13 |     8 |    11 |     4 |     1 |       ||    37
   Stab: Sleeping          |       |       |       |     3 |     3 |       |       |       ||     6
         Distracted        |       |       |       |       |       |       |     1 |       ||     1
 Armour: Scale mail        |    34 |       |       |       |       |       |       |       ||    34
         Chain mail        |    14 |    78 |   149 |       |       |   223 |       |       ||   464
         Ring mail         |       |       |    16 |   306 |   130 |       |       |       ||   452
         Crystal plate arm |       |       |       |       |   263 |   235 |   675 |   151 ||  1324
  Dodge: Dodged            |    24 |    28 |    70 |   202 |   327 |   423 |   287 |    75 ||  1436
  Block: Buckler           |    12 |    23 |    58 |   123 |   139 |       |       |       ||   355
         Kite shield       |       |       |       |       |   130 |   353 |       |       ||   483
         Reflection        |       |       |       |       |       |    30 |       |       ||    30
         Tower shield      |       |       |       |       |       |   371 |  1231 |   274 ||  1876

Table legend: (Time is in decaauts)
 A = Elapsed time spent in this place.
 B = Non-inter-level travel time spent in this place.
 C = Inter-level travel time spent in this place.
 D = Time resting spent in this place.
 E = Time spent auto-exploring this place.
 F = Levels seen in this place.
 G = Mean time per level.
                   A        B        C        D        E       F      G
               +--------+--------+--------+--------+--------+-----+--------+
         Total |  37514 |  34441 |   3073 |   1981 |  19693 |  50 |  750.3 |
       Dungeon |  11741 |  10477 |   1264 |    162 |   7412 |  15 |  782.7 |
        Temple |      1 |      1 |      0 |      0 |      0 |   1 |    1.0 |
          Lair |   5145 |   4593 |    552 |    338 |   3088 |   5 | 1029.0 |
         Swamp |   3436 |   3311 |    125 |    273 |   1533 |   4 |  859.0 |
     Snake Pit |   4277 |   4085 |    192 |    402 |   1596 |   4 | 1069.2 |
  Orcish Mines |   1751 |   1602 |    149 |    100 |   1123 |   2 |  875.5 |
   Elven Halls |   3073 |   2953 |    120 |    231 |   1525 |   3 | 1024.3 |
        Vaults |   6272 |   5604 |    668 |    316 |   2993 |   5 | 1254.4 |
        Bazaar |     46 |     46 |      0 |      0 |     31 |   1 |   46.0 |
       Ossuary |    246 |    246 |      0 |      0 |    106 |   1 |  246.0 |
      Ice Cave |    348 |    348 |      0 |     44 |    101 |   1 |  348.0 |
       Volcano |    174 |    174 |      0 |      0 |      0 |   1 |  174.0 |
    Desolation |    878 |    878 |      0 |     47 |    183 |   1 |  878.0 |
         Arena |    120 |    120 |      0 |     67 |      0 |   6 |   20.0 |
               +--------+--------+--------+--------+--------+-----+--------+

Top non-repeatable levels by time:
Vaults:3: 1812 daAuts
Vaults:4: 1647 daAuts
 Snake:3: 1510 daAuts
Vaults:1: 1434 daAuts
Vaults:2: 1327 daAuts
   Elf:3: 1303 daAuts
    D:10: 1229 daAuts
  Lair:1: 1185 daAuts
  Lair:5: 1168 daAuts
 Snake:4: 1161 daAuts
    D:11: 1096 daAuts
 Swamp:4: 1076 daAuts
     D:2: 1075 daAuts
  Lair:2: 1070 daAuts
  Lair:3: 1063 daAuts
